Cogmind - Beta 16 @@@ ROGUE MODE // 2025.11.08 @ 15:59:08 Player: shapeshifter Result: Self-destructed Performance ------------- Evolutions (1) 500 Regions Visited (3) 600 Robots Destroyed (5) 25 Value Destroyed (38) 38 Prototype IDs (0) 0 Alien Tech Used (0) 0 Bonus (0) 0 TOTAL SCORE: 1163 Bonus ------- None Cogmind --------- Core Integrity 367/400 Matter 255/300 Energy 123/125 System Corruption 0% Temperature Cool (6) Movement Flying (34) Location -9/Materials Parts ------- > --- POWER (1) -------- Light Ion Engine > --- PROPULSION (4) --- Flight Unit Flight Unit Flight Unit > --- UTILITY (2) ------ Heat Sink > --- WEAPON (2) ------- Minigun Minigun > --- INVENTORY (5) ---- Light Ion Engine Weight Redist. System Grenade Launcher Peak State ------------ > --- POWER ------------ Light Ion Engine > --- PROPULSION ------- Flight Unit Flight Unit Flight Unit Flight Unit > --- UTILITY ---------- Heat Sink > --- WEAPON ----------- Minigun Minigun > --- INVENTORY -------- Light Ion Engine Weight Redist. System Grenade Launcher [Rating: 12] Favorites ----------- Power Light Ion Engine Engine Light Ion Engine Propulsion Flight Unit Flight Unit Flight Unit Utility Heat Sink Device Heat Sink Weapon Minigun Ballistic Gun Minigun Build | -11 -10 -10 -9 ------- Run | Yrd Mat Min Mat Slots Evolved 2 | . . . 2 Power . | . . . . Propulsion 2 | . . . 2 Utility . | . . . . Weapon . | . . . . Parts Attached 10 | . . 6 4 Power 1 | . . 1 . Engine 1 | . . 1 . Core . | . . . . Reactor . | . . . . Propulsion 4 | . . 2 2 Treads . | . . . . Leg . | . . . . Wheel . | . . . . Hover . | . . . . Flight 4 | . . 2 2 Utility 1 | . . 1 . Device 1 | . . 1 . Storage . | . . . . Processor . | . . . . Hackware . | . . . . Protection . | . . . . Artifact . | . . . . Weapon 4 | . . 2 2 Energy Gun . | . . . . Energy Cannon . | . . . . Ballistic Gun 4 | . . 2 2 Ballistic Cannon . | . . . . Launcher . | . . . . Special Weapon . | . . . . Impact Weapon . | . . . . Slashing Weapon . | . . . . Piercing Weapon . | . . . . Special Melee Weapon . | . . . . Unidentified Prototypes . | . . . . Parts Lost 1 | . . . 1 Power . | . . . . Propulsion 1 | . . . 1 Utility . | . . . . Weapon . | . . . . Highest Loss Streak 1 | . . . 1 To Critical Strikes . | . . . . Average Backups 3 | 1 3 4 3 Power . | . 1 . 1 Propulsion . | . . 1 . Utility 1 | . 1 1 1 Weapon . | . 1 . 1 Tool/Special . | . . . . Unused Backups 3 | . . . 3 Power 1 | . . . 1 Propulsion . | . . . . Utility 1 | . . . 1 Weapon 1 | . . . 1 Tool/Special . | . . . . Average Slot Usage (%) 52 | . . 51 79 Engine 7 | . . 7 11 Flight 20 | . . 17 35 Device 6 | . . 4 11 Ballistic Gun 17 | . . 21 22 Peak Build Rating 12 | . . 6 12 Average Rating 5 | . . 3 10 On Entrance 1 | . . . 6 Avg Prop Armor Cover (%) . | . . . . Naked Turns 26 | . 26 . . Heaviest Build 10 | . . 7 10 Greatest Support 16 | 3 3 8 16 Greatest Overweight (x) . | . . . . Average Overweight (x) . | . . . . Largest Inventory Capacity 5 | 5 5 5 5 Average Capacity 5 | 5 5 5 5 Most Carried 5 | 2 4 5 5 Average Carried 3 | 1 3 4 3 Final Capacity 5 | 5 5 5 5 Final Carried 5 | 2 4 5 3 Class Distribution -------------------- 100% | Mutant Dominant Class ---------------- Mutant | -10/Materials Mutant | -10/Mines Mutant | -9/Materials Resources | -11 -10 -10 -9 ----------- Run | Yrd Mat Min Mat Matter Collected 296 | 200 . 47 49 Remotely . | . . . . Salvage Created 98 | . . 47 51 Parts 12 | . . 7 5 Haulers Intercepted . | . . . . Recyclers Shooed . | . . . . Parts Field Recycled . | . . . . Retrieved Matter . | . . . . Parts Self-Destructed . | . . . . Prevented . | . . . . Parts Restored . | . . . . Kills | -11 -10 -10 -9 ------- Run | Yrd Mat Min Mat Combat Hostiles Destroyed 3 | . . 3 . Guns 3 | . . 3 . Classes Destroyed 3 | . . 1 2 Worker 1 | . . . 1 Tunneler 1 | . . . 1 Swarmer 3 | . . 3 . Best Kill Streak 3 | . . 3 2 Combat Bots Only 3 | . . 3 . Max Kills in Single Turn 2 | . . 1 2 Gunslinging . | . . . . Exploded . | . . . . Melee . | . . . . Uniques/NPCs Destroyed . | . . . . Combat | -11 -10 -10 -9 -------- Run | Yrd Mat Min Mat Hostile Shots Fired 53 | . 4 26 23 Missed 23 | . 1 10 12 Hits 30 | . 3 16 11 Melee 1 | . . . 1 Projectile 29 | . 3 16 10 Damage Taken 304 | . 24 127 153 Core 118 | . 24 61 33 Absorbed by Shields . | . . . . Core Remaining (%) 83 | 100 . 66 . Volleys Fired 12 | . . 10 2 Largest 2 | . . 1 2 Hottest 50 | . . 20 50 Shots Fired 14 | . . 10 4 Gun 14 | . . 10 4 Cannon . | . . . . Launcher . | . . . . Special . | . . . . Kinetic 14 | . . 10 4 Thermal . | . . . . Explosive . | . . . . Electromagnetic . | . . . . Robot Hit Streak 3 | . . 3 2 Robot Miss Streak 3 | . . 3 1 Penetration Max . | . . . . Secondary Targets 1 | . . . 1 Max Gunslinging Chain 1 | . . . 1 Shots Hit Robots 7 | . . 5 2 Core Hits 5 | . . 3 2 Critical Kills . | . . . . Critical Parts Destroyed . | . . . . Critical Strikes . | . . . . Melee Attacks . | . . . . Impact . | . . . . Slashing . | . . . . Piercing . | . . . . Sneak Attacks . | . . . . Combat Hostiles . | . . . . Follow-up Attacks . | . . . . Damage Inflicted 106 | . . 59 47 Guns 106 | . . 59 47 Cannons . | . . . . Explosions . | . . . . Melee . | . . . . Ramming . | . . . . Kinetic 106 | . . 59 47 Thermal . | . . . . Explosive . | . . . . Electromagnetic . | . . . . Impact . | . . . . Slashing . | . . . . Piercing . | . . . . Highest Corruption . | . . . . Average Corruption . | . . . . Corruption Purged . | . . . . Corruption Blocked . | . . . . Overload Shots . | . . . . Overflow Damage . | . . . . Projectiles . | . . . . Explosions . | . . . . Melee . | . . . . Knockbacks . | . . . . Impact . | . . . . Kinetic . | . . . . Secondary . | . . . . Self-Inflicted Damage . | . . . . Shots . | . . . . Rammed . | . . . . Targets Rammed . | . . . . Kicked . | . . . . Crushed . | . . . . Highest Temperature 8 | . . . 8 Average Temperature 5 | . . . 5 Received Heat Transfer 57 | . . . 57 Siege Activations . | . . . . Martial Activations . | . . . . Shielding Activations . | . . . . Robots Disrupted . | . . . . Combat Hostiles . | . . . . Robots Corrupted . | . . . . Combat Hostiles . | . . . . Parts Fried . | . . . . Impact Corruptions . | . . . . Robots Melted . | . . . . Combat Hostiles . | . . . . Parts Melted . | . . . . Heat Transferred . | . . . . Parts Sabotaged . | . . . . Parts Stolen . | . . . . Parts Stripped . | . . . . Power Chain Reactions . | . . . . Alert | -11 -10 -10 -9 ------- Run | Yrd Mat Min Mat Maximum Alert Level . | . . . . Low Security (%) 100 | 100 100 100 100 Level 1 . | . . . . Level 2 . | . . . . Level 3 . | . . . . Level 4 . | . . . . Level 5 . | . . . . High Security . | . . . . Max Security . | . . . . Peak Influence 63 | . 8 63 20 Initial 12 | . . 3 12 Average 22 | . 3 45 4 Influence Increases 101 | . 13 70 18 Destroy 0b10 Robot/C 60 | . . 60 . Destroy 0b10 Robot/NC 10 | . . . 10 Destroy Leader 10 | . . 10 . Successful Hack 21 | . 13 . 8 Influence Decreases 91 | . 5 45 41 Entered New Map 26 | . . 5 21 Time Decay 55 | . 5 40 10 Lost Part 10 | . . . 10 Squads Dispatched 2 | . 1 . 1 Investigation 1 | . . . 1 Extermination . | . . . . Reinforcement 1 | . 1 . . Assault . | . . . . Garrison . | . . . . Intercept . | . . . . Searches Triggered . | . . . . Construction Impeded . | . . . . Haulers Reinforced . | . . . . Active Scanning Responses . | . . . . Cargo Convoy Interrupts . | . . . . Stealth | -11 -10 -10 -9 --------- Run | Yrd Mat Min Mat Distress Signals 1 | . . . 1 Communications Jammed . | . . . . Distress Signals . | . . . . Times Spotted 21 | . 4 6 11 Peak Tracking Total 10 | . 3 3 10 Tactical Retreats . | . . . . Traps | -11 -10 -10 -9 ------- Run | Yrd Mat Min Mat Traps Triggered . | . . . . Indirectly . | . . . . Trap Hack Attempts . | . . . . Triggered . | . . . . Disarmed . | . . . . Reprogrammed . | . . . . Reused . | . . . . Traps Extracted . | . . . . Installed . | . . . . Triggered . | . . . . Machines | -11 -10 -10 -9 ---------- Run | Yrd Mat Min Mat Machines Disabled . | . . . . Max in Single Turn . | . . . . Machines Repaired . | . . . . Machines Dismantled . | . . . . Machines Sabotaged . | . . . . Overloaded Fab Kills . | . . . . Hacking | -11 -10 -10 -9 --------- Run | Yrd Mat Min Mat Machines Accessed 4 | . 2 . 2 Terminals 4 | . 2 . 2 Fabricators . | . . . . Repair Stations . | . . . . Recycling Units . | . . . . Scanalyzers . | . . . . Garrison Access . | . . . . Total Hacks 11 | . 5 . 6 Successful 4 | . 2 . 2 Failed 7 | . 3 . 4 Catastrophic 1 | . . . 1 Database Lockouts . | . . . . Manual 8 | . 5 . 3 Terminals 11 | . 5 . 6 Fabricators . | . . . . Repair Stations . | . . . . Recycling Units . | . . . . Scanalyzers . | . . . . Garrison Access . | . . . . Terminal Hacks 3 | . 1 . 2 Level Access Points 1 | . . . 1 Branch Access Points 1 | . 1 . . Zone Layout 1 | . . . 1 Fabricator Hacks . | . . . . Repair Station Hacks . | . . . . Recycling Unit Hacks . | . . . . Scanalyzer . | . . . . Garrison Access Hacks . | . . . . Unauthorized Hacks 1 | . 1 . . Terminals 1 | . 1 . . Botnet 1 | . 1 . . Fabricators . | . . . . Repair Stations . | . . . . Recycling Units . | . . . . Scanalyzers . | . . . . Garrison Access . | . . . . Data Cores Recovered . | . . . . Used . | . . . . Hacking Detections 4 | . 2 . 2 Full Trace Events 1 | . . . 1 Feedback Events . | . . . . Feedback Blocked . | . . . . Robot Schematics Acquired . | . . . . Robots Built . | . . . . Authchips . | . . . . Time . | . . . . Total Robot Build Rating . | . . . . Part Schematics Acquired . | . . . . Parts Built . | . . . . Authchips . | . . . . Time . | . . . . Total Part Build Rating . | . . . . Part Studies Acquired . | . . . . Parts Repaired . | . . . . Time . | . . . . Parts Recycled . | . . . . Recycled Matter . | . . . . Retrieved Matter . | . . . . Retrieved Components . | . . . . Parts Scanalyzed . | . . . . Part Schematics Acquired . | . . . . Parts Damaged . | . . . . Bothacking | -11 -10 -10 -9 ------------ Run | Yrd Mat Min Mat Used RIF Installer . | . . . . Robots Hacked . | . . . . Non-combat . | . . . . Combat . | . . . . Robot Hacks Applied . | . . . . Relay Couplers Released . | . . . . Fabnet Peak Effective % . | . . . . Robots Rewired . | . . . . Allies Hacked . | . . . . Hacks Repelled . | . . . . Allies | -11 -10 -10 -9 -------- Run | Yrd Mat Min Mat Total Allies . | . . . . Largest Group . | . . . . Highest-Rated Group . | . . . . Highest-Rated Ally . | . . . . Total Orders . | . . . . Ally Attacks . | . . . . Total Damage . | . . . . Kills . | . . . . Allies Corrupted . | . . . . Allies Melted . | . . . . Intel | -11 -10 -10 -9 ------- Run | Yrd Mat Min Mat Active Infowar (turns) . | . . . . Robot Analysis Total . | . . . . Derelict Logs Recovered . | . . . . Drone Launches . | . . . . Drone Recoveries . | . . . . Exploration | -11 -10 -10 -9 ------------- Run | Yrd Mat Min Mat Turns Passed 192 | 13 26 85 68 Spaces Moved 373 | 21 47 138 167 Core 73 | 21 47 5 . Treads . | . . . . Legs . | . . . . Wheels . | . . . . Hover . | . . . . Flight 300 | . . 133 167 Fastest Speed 31 | 50 50 37 31 Average Speed 37 | 50 50 37 33 Slowest Speed 50 | 50 50 50 34 Overloaded Moves . | . . . . Propulsion Burnouts . | . . . . Robots Hopped 7 | . . 1 6 Potential Cave-ins . | . . . . Cave-ins Triggered . | . . . . Exploration Rate (%) 23 | 3 17 48 24 Regions Visited 3 Branch Regions 1 Pre-discovered Areas . | . . . . Known Exits Taken 1 | . 1 . . Unknown Exits Taken 2 | 1 . 1 . Scrap Searched 1 | . . 1 . Spaces Dug . | . . . . Terrain Destroyed . | . . . . Melee . | . . . . Projectile . | . . . . AOE . | . . . . Terrain Rammed . | . . . . Walls Destroyed . | . . . . Machines Disabled . | . . . . Actions | -11 -10 -10 -9 --------- Run | Yrd Mat Min Mat Total 399 | 22 48 158 171 Wait . | . . . . Move 357 | 20 46 135 156 Hop 6 | . . 1 5 Pick Up 12 | 2 2 6 2 Fast Attach 1 | . . 1 . Attach 9 | . . 5 4 Detach . | . . . . Swap . | . . . . Drop 2 | . . . 2 Fire 12 | . . 10 2 Melee . | . . . . Ram . | . . . . Kick . | . . . . Crush . | . . . . Escape Stasis . | . . . . Rewire . | . . . . Trap . | . . . . Miscellaneous . | . . . . Route ------- -11/Scrapyard -10/Materials -10/Mines -9/Materials (discovered 3 exits: *Mat x3) History --------- Turn | Location | Event 4 | -11/Scrapyard | Discovered new exit (range 16) 14 | -11/Scrapyard | Entered Materials 35 | -10/Materials | Identified exit to Mines 40 | -10/Materials | Entered Mines 120 | -10/Mines | Discovered new exit (range 13) 125 | -10/Mines | Entered Materials 125 | -9/Materials | Evolved 2 slots: Propulsion x2 138 | -9/Materials | Identified exit to Materials 193 | -9/Materials | Self-destructed Last Messages --------------- Downloaded map data. >>Access(Main) Found 3 level access points to Materials: (92,12) (11,79) (16,8) Map updated. 00143_ Flight Unit destroyed. 00150_ Connecting with Terminal... 00150_ ALERT: Suspicious activity at Terminal M010. Dispatching Investigation squad. 00161_ W-16 Scout sends out distress signal. 00172_ T-07 Excavator is excavating. 00176_ K-01 Serf collects debris. 00188_ K-01 Serf destroyed. 00188_ Switching to secondary target: G-34 Mercenary. 00188_ T-07 Excavator destroyed. 00192_ Acquired 27 matter. 00192_ Extracted 22 matter. Map ----- +----------------------------------------------------+ | # """ # # """ #??????????? | | # """ # #[ #??????????? | | ? """ ?## ###########??????????? | | ? ??#! ###??????????????????? | | ? ???#%= # #??????????????????? | | ######???# #?????????######???? | | ?????????# # #??????#?? ???? | | ?????????# ###??????# """ #??? | | ?????????# #??????#?# """ #??# | | ?????????# #???? #?# """ #??# | | ?????????# #?? """#?# #??# | | ?????????# # """#?# #??# | | ??????"" + + """#??? #??# | | ???! S"" # # #????? #??# | | ???? "" # #?? / #??????? #??# | | ???? ?# ########??#######+#### | | ???#####?#lgg# T = #??# | | ?????????# # #??# | | ?????????# # """ #??# | | ?????????# g# """ #??# ###+#### | | ?????????# # """ =#??# #??????? | | ??? ????#= # ????# #??????? | | ?? ""??# * ###+####### #??????? | | # """ #! YYu #??????? | | # + o #??????? | | # """ #@ #??????? | | ?? ""??# ###+###########??????? | | ??? ????# #?? ???????????????? | | ?????????# < #?? #?????????????? | | ?????????# #?? #?????????????? | | ?????????#####?? #??????????#### | | ???????????????? #?????????? | | ????????????????? #???????????""" | | ?????????????????####???????????""" | | ????????????????????????????????""" | | ???????????????????????????? | | ????????????????????????????####### | | ???????????????????????????????# "" | | ???????????????????????????????# "" | | ???????????????????????????????# "" | | ???????????????????????????????# | | ???????????????????????????????+ | | ???????????????????????????????# ? | | ???????????????????????????????#??? | | ??????????????????????????????????? | | ??????????????????????????????????? | | ??????????????????????????????????? | | ??????????????????????????????????? | | ??????????????????????????????????? | | | +----------------------------------------------------+ Best States ------------- Heat Dissipation 38 Energy Generation 10 Energy Capacity 125 Matter Stores 300 Matter Capacity 300 Sight Range 16 Terrain Scan Density 10 Evasion (%) 63 Item Schematics ----------------- None Robot Schematics ------------------ None Fabricated ------------ Nothing Repaired ---------- Nothing Studied --------- None Alien Tech Used ----------------- None Achievements -------------- None Challenges ------------ None Game ------ Seed BiocellScrapStatue Manual? 0 Play Time 00:04:53 Cumulative 482.8 hours Start 2025.11.08 @ 15:54:38 End 2025.11.08 @ 15:59:08 Sessions 1 Manual Loads 0 Difficulty Rogue Special Mode None Game No. 630 Rogue 630 Adventurer 0 Explorer 0 Win Type - Total 15 Types 7/0/2/2/1/0/2/1/0/0 Lore% 90 Gallery% 85 Achievement% 64 Wizard Run 0 Options --------- Layout 2 ASCII 0 Keyboard 0 Movement Mouse Keybinds 0 Fullscreen 1 Font 24/Smallcaps Map View 50x49 Zoom Use 0% Tactical HUD 1 Map Filters NONE Filters NONE Steam 1 RUN: a0113853-7a64-4697-a9e2-6d16962ecb30